 Dungeon Crawl Stone Soup version 0.17-a0-1923-gc35365e (webtiles) character file.

26833 derrpe the Destroyer (level 13, -8/129 HPs)
             Began as an Octopode Wizard on Sept 28, 2015.
             Was a High Priest of Vehumet.
             Mangled by a blink frog (10 damage)
             ... on level 4 of the Lair of Beasts.
             The game lasted 01:14:47 (23070 turns).

derrpe the Destroyer (Octopode Wizard)             Turns: 23070, Time: 01:14:47

Health: -8/129     AC: 26    Str:  4    XL:     13   Next: 28%
Magic:  18/35      EV:  2    Int: 25    God:    Vehumet [*****.]
Gold:   981        SH:  5    Dex: 16    Spells: 8 memorised, 4 levels left

rFire  + . .     SeeInvis +     a - staff of energy {@w1}
rCold  . . .     Clarity  .     s - +1 buckler {rC+}
rNeg   + + +     SustAt   +     (helmet currently unavailable)
rPois  +         Gourm    +     Q - amulet of the gourmand
rElec  +         Spirit   .     d - ring of fire
rCorr  .         Warding  .     K - ring of stealth
rMut   .         NoTele   +     C - +5 ring of dexterity
MR     .....                    l - ring of Mish {+Blink +Fly rElec}
Stlth  ++++......               V - ring of magical power
                                W - ring of sustain attributes
                                f - ring of see invisible
                                g - ring of positive energy

@: tree-form, regenerating, repel missiles, not resistant to hostile
enchantments, stealthy
A: almost no armour, amphibious, 8 rings, (constrict 8), (fangs 0), (camouflage
0), deterioration 2, (poison resistance), (shaggy fur 0), weak 1, (gelatinous
body 0)
a: Renounce Religion, Evoke Blink


You were on level 4 of the Lair of Beasts.
You worshipped Vehumet.
Vehumet was extremely pleased with you.
You were completely stuffed.
You were a tree.
You visited 3 branches of the dungeon, and saw 17 of its levels.
You also visited: Labyrinth.

You collected 981 gold pieces.

Inventory:

Hand weapons
 b - a +2 rapier of electrocution
 v - the +5 pair of quick blades "Gyre" and "Gimble" {pierce, Dex-3}
   (You found it in a labyrinth)

   It inflicts extra damage upon your enemies.
   It affects your dexterity (-3).
 w - a +0 blowgun
Missiles
 k - 247 stones (quivered)
 r - 17 curare-tipped needles
Armour
 j - a +0 hat (melded)
 s - a +1 buckler of cold resistance (worn)
Magical staves
 a - an uncursed staff of energy (weapon) {@w1}
Jewellery
 d - a ring of fire (left branch)
 f - a ring of see invisible (on tentacle)
 g - a ring of positive energy (on tentacle)
 l - the ring of Mish (on tentacle) {+Blink +Fly rElec}
   (You took it off a minotaur in a labyrinth)

   [ring of flight]

   It insulates you from electricity.
   It lets you fly.
   It lets you blink.
 C - a +5 ring of dexterity (on tentacle)
 K - a ring of stealth (right branch)
 N - an uncursed ring of teleportation
 Q - an amulet of the gourmand (around neck)
 R - an uncursed amulet of regeneration
 V - a ring of magical power (on tentacle)
 W - a ring of sustain attributes (on tentacle)
Magical devices
 F - a wand of fireball (7)
 H - a wand of digging (13)
 J - a wand of magic darts (23)
 O - a wand of draining (6)
 U - a wand of fire (7)
Scrolls
 m - 3 scrolls of amnesia
 q - 3 scrolls of remove curse
 y - 2 scrolls of fog
 D - 2 scrolls of magic mapping
 I - a scroll of identify
 T - a scroll of teleportation
Potions
 e - a potion of brilliance
 o - 2 potions of berserk rage
 u - 3 potions of might
 x - a potion of ambrosia
 A - 2 potions of curing
 B - 3 potions of cancellation
 E - a potion of haste
 L - a potion of resistance {unknown}
 M - a potion of mutation
 P - a potion of flight
Books
 n - a book of Fire

   Spells                             Type                      Level
   a - Ignite Poison                  Fire/Transmutation/Poison    3
   b - Fireball                       Conjuration/Fire             5
   c - Bolt of Fire                   Conjuration/Fire             6
   d - Delayed Fireball               Conjuration/Fire             7
   e - Ring of Flames                 Charms/Fire                  7
Miscellaneous
 z - a crystal ball of energy
 S - an ornate deck of wonders {drawn: 2}
Comestibles
 c - 12 bread rations {@e1}
 h - 10 meat rations {@e2}
 i - 4 chunks of flesh {@w0}
 p - 2 slices of pizza
 t - 2 beef jerkies
 G - 34 fruits


   Skills:
 + Level 7.4 Fighting
 + Level 7.9 Dodging
 - Level 2.6 Stealth
 - Level 2.2 Shields
 + Level 9.0 Spellcasting
 + Level 9.8 Conjurations
 - Level 1.3 Charms
   Level 1.0 Summonings
 - Level 4.0 Necromancy
 - Level 4.6 Translocations
 - Level 7.7 Fire Magic
 + Level 3.4 Air Magic
 + Level 7.1 Poison Magic
 - Level 7.7 Evocations


You had 4 spell levels left.
You knew the following spells:

 Your Spells              Type           Power        Failure   Level  Hunger
a - Poisonous Cloud       Conj/Pois/Air  #####.....   24%         6    None
b - Fireball              Conj/Fire      ######....   1%          5    None
c - Repel Missiles        Chrm/Air       ###...       4%          2    None
d - Mephitic Cloud        Conj/Pois/Air  #####...     1%          3    None
e - Conjure Flame         Conj/Fire      ######..     1%          3    None
f - Blink                 Tloc           N/A          1%          2    None
g - Delayed Fireball      Conj/Fire      N/A          61%         7    None
r - Regeneration          Chrm/Necr      ###.......   10%         3    None


Dungeon Overview and Level Annotations

Branches:
Dungeon (12/15)            Temple (1/1) D:4            Lair (4/8) D:10
    Orc (0/4) D:12
  Swamp: Lair:3-6    Shoals: Lair:3-6     Snake: Lair:3-6    Spider: Lair:3-6

Altars:
Ashenzari
Cheibriados
Dithmenos
Elyvilon
Fedhas
Gozag
Kikubaaqudgha
Makhleb
Nemelex Xobeh
Okawaru
Qazlal
Ru
Sif Muna
Trog
Vehumet
Xom
Yredelemnul
Zin
The Shining One
Beogh

Shops:
D:5 (

Portals:
Trove: D:11 (give +4 demon whip)

Annotations:
D:6 1 runed door


Innate Abilities, Weirdness & Mutations

You cannot wear most types of armour.
You are amphibious.
You can wear up to eight rings at the same time.
((You can use your tentacles to constrict eight enemies at once.))
((Your skin changes colour to match your surroundings (Stealth).))
((Your rubbery body absorbs attacks (AC +1).))
((You have very sharp teeth.))
Your body often deteriorates upon taking damage.
((Your system is resistant to poisons.))
((You are covered in fur (AC +1).))
You are weak. (Str -2)


Message History

Casting: Fireball
Confirm with . or Enter, or press ? or * to list all spells.
Aiming: Fireball
Press: ? - help, Shift-Dir - straight line, p - blink frog
Okay, then.
Casting: Fireball
Confirm with . or Enter, or press ? or * to list all spells.
Your skin crawls.
The blink frog hits you!
* * * LOW HITPOINT WARNING * * *
Your body deteriorates!
You feel clumsy for a moment.
The blink frog blinks!
Unknown command.
Read which item? (? for menu, Esc to quit)
Okay, then.
Evoke which item? (* to show all) (? for menu, Esc to quit)
Okay, then.
Drink which item? (? for menu, Esc to quit)
You turn into a tree.
Your +0 hat melds into your body.
Your roots penetrate the ground.
The blink frog hits you!
You die...

..... #....##
#.... #.<...#..
.....##.....#..
#............[.
.....F.......
...........
#F........
#♣...P#
##FF...#.
#..P#.....
#..P..#...
......F.........
................
................
...§.....[......
................


You could see a spiny frog, 3 blink frogs and a giant frog.

Vanquished Creatures
  A minotaur (Lab)
  A hydra (Lair:3)
  4 death yaks (Lair:3)
  The ghost of HungrySpirit the Carver, an experienced HuBe of Trog (D:7)
  Pikel (D:5)
  A hill giant (D:12)
  Joseph (D:10)
  5 spiny frogs
  Psyche (D:11)
  A gargoyle (D:12)
  A fire drake (D:10)
  3 komodo dragons (Lair:1)
  3 trolls
  4 slime creatures (D:12)
  A wyvern (D:12)
  3 blink frogs (Lair:4)
  A wraith (D:12)
  3 hungry ghosts
  23 yaks
  2 basilisks
  Eustachio (D:6)
  2 deep elf magi
  4 hippogriffs
  Grum (D:10)
  Edmund (D:4)
  5 porcupines
  6 water moccasins
  8 wolves
  5 orc warriors
  2 slaves (D:5)
  4 sky beasts
  5 ogres
  2 black bears
  3 phantoms
  2 ice beasts
  5 centaurs
  5 big kobolds
  19 giant frogs
  7 crocodiles
  12 killer bees
  3 scorpions
  10 jellies
  4 wights
  An electric eel (Lair:2)
  6 crimson imps
  7 hounds
  2 giant frog zombies (D:9)
  4 centaur zombies
  A giant frog skeleton (D:7)
  Crazy Yiuf (D:2)
  8 orc priests
  2 centaur skeletons
  16 orc wizards
  10 iguanas
  13 sheep (Lair:3)
  8 worker ants
  A killer bee zombie (D:6)
  A hound zombie (D:8)
  A hound skeleton (D:4)
  4 gnolls (D:11)
  A worker ant zombie (D:10)
  Robin (D:2)
  8 adders
  17 river rats (Lair:2)
  2 shadow imps
  2 oozes
  An adder skeleton (D:7)
  An adder zombie (D:8)
  A worm (D:2)
  7 giant geckos
  65 orcs
  9 bats
  11 giant cockroaches
  16 goblins
  13 hobgoblins
  11 jackals
  7 quokkas
  A giant cockroach zombie (D:5)
  A giant gecko skeleton (D:4)
  7 giant newts
  A goblin skeleton (D:6)
  A jackal zombie (D:5)
  20 kobolds
  A quokka skeleton (D:4)
  6 rats
  2 bushes
  2 fungi (Lair:2)
478 creatures vanquished.

Vanquished Creatures (others)
  4 sheep (Lair:3)
  3 fungi
7 creatures vanquished.

Grand Total: 485 creatures vanquished

Notes
Turn   | Place    | Note
--------------------------------------------------------------
     0 | D:1      | derrpe the Octopode Wizard began the quest for the Orb.
     0 | D:1      | Reached XP level 1. HP: 11/11 MP: 4/4
   494 | D:1      | Reached XP level 2. HP: 17/17 MP: 4/6
  1154 | D:1      | Reached XP level 3. HP: 21/21 MP: 2/7
  1600 | D:2      | Learned a level 2 spell: Blink
  1603 | D:2      | Learned a level 2 spell: Repel Missiles
  1607 | D:2      | Learned a level 3 spell: Mephitic Cloud
  1715 | D:2      | Found a snail-covered altar of Cheibriados.
  1823 | D:2      | Reached skill level 1 in Shields
  2315 | D:2      | Noticed an air elemental
  2316 | D:2      | Found a stormy altar of Qazlal.
  2316 | D:2      | Noticed Robin
  2348 | D:1      | Reached XP level 4. HP: 24/27 MP: 8/8
  2412 | D:2      | Killed Robin
  2495 | D:2      | Noticed Crazy Yiuf
  2513 | D:2      | Killed Crazy Yiuf
  2513 | D:2      | Reached skill level 1 in Air Magic
  2513 | D:2      | Reached skill level 1 in Poison Magic
  2594 | D:2      | Noticed a water elemental
  2594 | D:2      | Noticed a fire elemental
  2594 | D:2      | Noticed an earth elemental
  2621 | D:2      | Reached XP level 5. HP: 22/31 MP: 9/9
  2768 | D:2      | Found a bloodstained altar of Trog.
  3410 | D:3      | Reached XP level 6. HP: 25/36 MP: 3/10
  3916 | D:3      | Found a sacrificial altar of Ru.
  4341 | D:4      | Found a staircase to the Ecumenical Temple.
  4353 | Temple   | Entered the Ecumenical Temple
  4517 | Temple   | Became a worshipper of Vehumet
  4773 | D:4      | Reached skill level 4 in Conjurations
  4773 | D:4      | Reached XP level 7. HP: 41/41 MP: 7/11
  4849 | D:4      | Found a shattered altar of Ashenzari.
  4936 | D:4      | Noticed Edmund
  4951 | D:4      | Killed Edmund
  4951 | D:4      | Reached skill level 5 in Conjurations
  5061 | D:4      | Learned a level 3 spell: Conjure Flame
  5239 | D:5      | Entered Level 5 of the Dungeon
  5482 | D:5      | Found Tent's Weapon Boutique.
  5599 | D:5      | Noticed Pikel
  5630 | D:5      | Killed Pikel
  5630 | D:5      | Reached skill level 7 in Conjurations
  5630 | D:5      | Reached XP level 8. HP: 20/46 MP: 10/12
  5680 | D:5      | Acquired Vehumet's first power
  5680 | D:5      | Offered knowledge of Sting by Vehumet.
  5767 | D:5      | Learned a level 1 spell: Sting
  6032 | D:5      | Found an opulent altar of Gozag.
  6694 | D:6      | Found a shimmering altar of Xom.
  6726 | D:6      | Reached skill level 8 in Conjurations
  7094 | D:6      | Reached skill level 1 in Fighting
  7094 | D:6      | Reached XP level 9. HP: 43/53 MP: 2/14
  7095 | D:6      | Reached skill level 1 in Charms
  7782 | D:6      | Reached skill level 1 in Fire Magic
  9022 | D:6      | Noticed Eustachio
  9034 | D:6      | Found a runed door.
  9060 | D:6      | Killed Eustachio
  9060 | D:6      | Reached skill level 5 in Spellcasting
  9175 | D:6      | Found a basalt altar of Yredelemnul.
  9451 | D:7      | Found a basalt altar of Yredelemnul.
  9464 | D:7      | Found a deep blue altar of Sif Muna.
  9506 | D:7      | Found a bloodstained altar of Trog.
  9702 | D:7      | Offered knowledge of Freeze by Vehumet.
  9737 | D:7      | Learned a level 5 spell: Fireball
 10306 | D:7      | Noticed HungrySpirit's ghost (experienced HuBe)
 10318 | D:7      | Killed HungrySpirit's ghost
 10318 | D:7      | Reached skill level 5 in Fire Magic
 10318 | D:7      | Reached XP level 10. HP: 29/63 MP: 15/18
 12054 | D:8      | Offered knowledge of Dazzling Spray by Vehumet.
 12565 | D:8      | Reached skill level 9 in Conjurations
 12606 | D:8      | Acquired Vehumet's second power
 12946 | D:9      | Learned a level 7 spell: Delayed Fireball
 13025 | D:9      | Gained mutation: Your spells are a little easier to cast, but a little less powerful. [mutagenic meat]
 13026 | D:9      | Gained mutation: You are agile. (Dex +2) [mutagenic meat]
 13027 | D:9      | Gained mutation: You occasionally shout uncontrollably at your foes. [mutagenic meat]
 13028 | D:9      | Lost mutation: Your spells are a little easier to cast, but a little less powerful. [mutagenic meat]
 13031 | D:9      | Lost mutation: You occasionally shout uncontrollably at your foes. [potion of cure mutation]
 13031 | D:9      | Lost mutation: You are agile. (Dex +2) [potion of cure mutation]
 13147 | D:9      | Found a sacrificial altar of Ru.
 13315 | D:9      | Offered knowledge of Iskenderun's Mystic Blast by Vehumet.
 14213 | D:10     | Entered Level 10 of the Dungeon
 14336 | D:10     | Reached XP level 11. HP: 37/69 MP: 11/20
 14388 | D:10     | Gained mutation: Your body sometimes deteriorates upon taking damage. [mutagenic meat]
 14389 | D:10     | Gained mutation: You have very sharp teeth. [mutagenic meat]
 14390 | D:10     | Gained mutation: You are weak. (Str -2) [mutagenic meat]
 14391 | D:10     | Gained mutation: You can spit weak poison. [mutagenic meat]
 14392 | D:10     | Gained mutation: Your body often deteriorates upon taking damage. [mutagenic meat]
 14393 | D:10     | Gained mutation: You are covered in fur (AC +1). [mutagenic meat]
 14395 | D:10     | Gained mutation: Your system is resistant to poisons. [mutagenic meat]
 14531 | D:10     | Found a staircase to the Lair.
 14818 | D:10     | Reached skill level 5 in Dodging
 14953 | D:10     | Noticed Joseph
 14955 | D:10     | Lost mutation: You can spit weak poison. [helix card]
 14962 | D:10     | Killed Joseph
 14962 | D:10     | Reached skill level 5 in Fighting
 15503 | D:10     | Acquired Vehumet's third power
 15679 | D:10     | Noticed Grum
 15696 | D:10     | Killed Grum
 15696 | D:10     | Offered knowledge of Venom Bolt by Vehumet.
 16182 | D:11     | Noticed Psyche
 16188 | D:11     | Reached skill level 1 in Evocations
 16203 | D:11     | Killed Psyche
 16315 | D:11     | Found a labyrinth entrance.
 16325 | Lab      | Entered a labyrinth
 16740 | Lab      | Noticed a minotaur
 16753 | Lab      | Killed a minotaur
 16795 | Lab      | Got an ancient steel ring
 16802 | Lab      | Identified the Papyrus of Execration
 16803 | Lab      | Identified the ring of Mish {+Blink +Fly rElec} (You took it off a minotaur in a labyrinth)
 16815 | Lab      | Identified the Reference Book on Stolen Souls
 16822 | Lab      | Learned a level 3 spell: Regeneration
 16857 | D:11     | Identified a scroll of acquirement
 17344 | D:11     | Found a portal to a secret trove of treasure.
 17424 | D:11     | Reached skill level 1 in Necromancy
 17722 | D:12     | Noticed a hill giant
 17726 | D:12     | Killed a hill giant
 17828 | D:12     | Reached XP level 12. HP: 79/79 MP: 19/22
 18636 | D:12     | Reached skill level 5 in Evocations
 18746 | D:12     | Found a roughly hewn altar of Beogh.
 18746 | D:12     | Found a staircase to the Orcish Mines.
 18754 | D:12     | Offered knowledge of Iskenderun's Battlesphere by Vehumet.
 19807 | Lair:1   | Entered Level 1 of the Lair of Beasts
 21779 | Lair:2   | Offered knowledge of Poisonous Cloud by Vehumet.
 22232 | Lair:3   | Noticed a death yak
 22241 | Lair:3   | Noticed a death yak
 22244 | Lair:3   | Noticed a death yak
 22250 | Lair:3   | Noticed a death yak
 22251 | Lair:3   | Killed a death yak
 22251 | Lair:3   | Reached XP level 13. HP: 86/86 MP: 17/25
 22253 | Lair:3   | Killed a death yak
 22395 | Lair:3   | Noticed a seven-headed hydra
 22400 | Lair:3   | Killed a seven-headed hydra
 22570 | Lair:3   | Learned a level 6 spell: Poisonous Cloud
 22602 | Lair:3   | Killed a death yak
 22603 | Lair:3   | Killed a death yak
 22670 | Lair:3   | Found a deep blue altar of Sif Muna.
 22745 | Lair:3   | Found a shimmering altar of Xom.
 23069 | Lair:4   | HP: 1/86 [blink frog (17)]
 23070 | Lair:4   | Mangled by a blink frog

Vault maps used:
D:1:      dpeg_arrival_long_road
D:2:      kennysheep_six_static_rooms, cheibriados_altar_1,
          lightli_temple_of_fire, hangedman_decor_slide_cut,
          nicolae_qazlal_style_of_elements, uniq_crazy_yiuf_cottage, uniq_robin
D:3:      lemuel_doored_altar
D:4:      evilmike_ruin_ashenzari, minmay_temple_entry_statues_fountains,
          first_bread, uniq_edmund
D:5:      lemuel_round_altar, serial_shops, nicolae_shop_window_shopping,
          uniq_pikel
D:6:      lemuel_crystal_altar, dk_yredelemnul_ordeal, uniq_eustachio
D:7:      amethyst_overflow_temple_binary, basic_altar
D:8:      blue_anna_alchemist
D:9:      basic_altar, spider_trap
D:10:     minmay_lair_entry_lava, uniq_joseph, uniq_grum
D:11:     enter_trove_0, lab_entry_generic, uniq_psyche
D:12:     david_orc_5, minmay_misc_feat_encased
Temple:   roderic_octagonal_lattice_temple
Lair:1:   grunt_forest_stairs_basic, beast_lair_carwin_1
Lair:2:   st_stairs_9, pond
Lair:3:   basic_altar, kb_xom_exploding_sheep
Lair:4:   swamp_mist, grunt_megastairs_4, uniq_harold, uniq_rupert
Lab:      nicolae_lab_dead_adventurers, labyrinth_skeletal_remains

Action                   |  1- 3 |  4- 6 |  7- 9 | 10-12 | 13-15 || total
-------------------------+-------+-------+-------+-------+-------++-------
Melee: Unarmed           |     7 |       |       |       |       ||     7
       Dagger            |    57 |   101 |       |       |       ||   158
       Hand axe          |       |    16 |    70 |       |       ||    86
       Rapier            |       |       |    15 |    38 |       ||    53
       Staff             |       |       |     1 |    17 |       ||    18
 Fire: Hunting sling     |     2 |       |    12 |    20 |       ||    34
       Blowgun           |       |     8 |     7 |       |       ||    15
 Cast: Magic Dart        |    53 |    25 |   163 |   459 |       ||   700
       Repel Missiles    |     1 |       |       |     2 |       ||     3
       Mephitic Cloud    |       |     5 |    12 |    35 |       ||    52
       Blink             |       |     2 |     8 |     6 |       ||    16
       Sting             |       |       |    80 |       |       ||    80
       Conjure Flame     |       |       |    16 |    49 |       ||    65
       Fireball          |       |       |       |   160 |    32 ||   192
       Regeneration      |       |       |       |     4 |     1 ||     5
Evoke: Wand              |       |       |     2 |       |       ||     2
       Staff of energy   |       |       |     4 |   132 |    11 ||   147
       Deck              |       |       |       |     2 |       ||     2
  Use: Potion            |     1 |     2 |     1 |     4 |     1 ||     9
       Scroll            |       |       |    16 |    24 |     1 ||    41
 Stab: Sleeping          |     2 |     3 |     7 |     3 |       ||    15
       Confused          |       |     2 |     4 |     2 |       ||     8
       Distracted        |       |     1 |       |       |       ||     1
  Eat: Chunk             |     4 |     8 |    16 |    74 |     3 ||   105
       Pizza             |       |       |     1 |       |       ||     1
       Beef jerky        |       |       |     1 |       |       ||     1
